 Dungeon Crawl Stone Soup version 0.18.1-48-g4cf74bf (webtiles) character file.

74809 Inkary the Tortoise (level 15, -3/134 HPs)
             Began as a Minotaur Gladiator on Aug 25, 2016.
             Was a High Priest of Okawaru.
             Slain by an orc knight
             ... wielding a +0 dire flail
              (12 damage)
             ... on level 2 of the Orcish Mines.
             The game lasted 01:00:18 (20824 turns).

Inkary the Tortoise (Minotaur Gladiator)           Turns: 20824, Time: 01:00:19

Health: -3/134     AC: 10    Str: 32    XL:     15   Next: 7%
Magic:  28/28      EV: 23    Int:  5    God:    Okawaru [*****.]
Gold:   1112       SH:  0    Dex: 28    Spells: 3 memorised, 1 level left

rFire  . . .     SeeInvis .     U - +0 flail "Nufut" {crush, *Rage MP+9 Str+6 Dex+3}
rCold  . . .     Gourm    .     y - +4 plate armour {MR+}
rNeg   + + .     Faith    .     (no shield)
rPois  .         Spirit   .     c - +0 hat
rElec  .         Dismiss  .     (no cloak)
rCorr  .         Reflect  .     T - +1 pair of gloves {Str+3}
SustAt .         Harm     .     V - +0 pair of boots of Boredom {rN++ Str-2 Dex+4 Slay+5}
MR     ++...     Rnd*Rage +     (no amulet)
Stlth  ..........               h - +3 ring of dexterity
                                K - +4 ring of strength

@: exhausted, corroded, hasted, drained, very quick, very resistant to hostile
enchantments, extremely unstealthy
A: retaliatory headbutt, fangs 1, hooves 1, horns 2, blurry vision 1, shaggy fur
1, strong 1
a: Heroism, Finesse, Renounce Religion


You were on level 2 of the Orcish Mines.
You worshipped Okawaru.
Okawaru was extremely pleased with you.
You were very hungry.

You visited 4 branches of the dungeon, and saw 22 of its levels.
You also visited: Volcano.

You collected 2634 gold pieces.
You spent 1522 gold pieces at shops.

Inventory:

Hand Weapons
 r - a +2 trident of flaming
 x - a +2 dire flail of holy wrath
 U - the +0 flail "Nufut" (weapon) {crush, *Rage MP+9 Str+6 Dex+3}
   (You bought it in a shop on level 2 of the Orcish Mines)

   It inflicts extra damage upon your enemies.
   It affects your strength (+6).
   It affects your dexterity (+3).
   It affects your magic capacity (+9).
   It may make you go berserk in combat.
 Y - a +4 lajatang of pain
Missiles
 d - 5 throwing nets (quivered)
 S - 7 javelins of penetration
Armour
 c - a +0 hat (worn)
 q - the +0 leather armour of the Sturgeon {rN+ rCorr}
   (You found it on level 5 of the Lair of Beasts)

   It protects you from negative energy.
   It protects you from acid and corrosion.
 y - a +4 plate armour of magic resistance (worn)
 L - a +1 chain mail of fire resistance
 T - a +1 pair of gloves of strength (worn)
 V - the +0 pair of boots of Boredom (worn) {rN++ Str-2 Dex+4 Slay+5}
   (Okawaru gifted it to you on level 4 of the Lair of Beasts)

   It affects your strength (-2).
   It affects your dexterity (+4).
   It affects your accuracy and damage with ranged weapons and melee attacks
   (+5).
   It greatly protects you from negative energy.
Jewellery
 h - a +3 ring of dexterity (right hand)
 n - a +3 ring of protection
 o - an uncursed ring of protection from fire
 K - a +4 ring of strength (left hand)
Wands
 b - a wand of hasting (5/9)
 j - a wand of digging (11/24)
 H - a wand of disintegration (9/24)
 I - a wand of disintegration (15/24)
 R - a wand of teleportation (4/9)
Scrolls
 i - 2 scrolls of enchant armour
 k - 4 scrolls of remove curse
 l - a scroll of acquirement {unknown}
 s - 9 scrolls of teleportation
 t - 2 scrolls of fear
 z - a scroll of magic mapping
 C - 2 scrolls of identify
 D - 5 scrolls of recharging
 J - 6 scrolls of blinking
 Q - a scroll of fog
Potions
 e - 3 potions of ambrosia
 m - a potion of magic {unknown}
 p - 9 potions of curing
 v - 2 potions of flight
 A - 2 potions of cancellation
 B - a potion of berserk rage
 F - a potion of resistance {unknown}
 G - 3 potions of agility {unknown}
 N - a potion of haste
 O - 2 potions of might
 Z - 2 potions of lignification {unknown}
Books
 g - a book of Death

   Spells                             Type                      Level
   a - Corpse Rot                     Necromancy                   2
   b - Sublimation of Blood           Necromancy                   2
   c - Agony                          Necromancy                   5
   d - Dispel Undead                  Necromancy                   5
   e - Excruciating Wounds            Charms/Necromancy            5
   f - Bolt of Draining               Conjuration/Necromancy       5
 X - a book of Enchantments

   Spells                             Type                      Level
   a - Cause Fear                     Hexes                        4
   b - Yara's Violent Unravelling     Hexes/Transmutation          5
   c - Silence                        Hexes/Air                    5
   d - Deflect Missiles               Charms/Air                   6
   e - Haste                          Charms                       6
   f - Discord                        Hexes                        8
Miscellaneous
 w - a lamp of fire
Comestibles
 a - 13 meat rations
 f - 15 bread rations
 u - 13 royal jellies
 E - 4 chunks of flesh
 M - a slice of pizza
 P - a beef jerky
 W - 13 fruits


   Skills:
 - Level 12.5(12.4) Fighting
 + Level 4.7(9.0) Maces & Flails
 - Level 12.6(14.2) Polearms
 - Level 11.9(14.1) Staves
 - Level 2.0(1.9) Throwing
 - Level 15.1(15.0) Armour
 - Level 14.7(14.6) Dodging
 - Level 7.1(7.0) Invocations


You had one spell level left.
You knew the following spells:

 Your Spells              Type           Power        Failure   Level  Hunger
a - Summon Butterflies    Summ           #.......     99%         1    ##.....
b - Statue Form           Trmt/Erth      #........    100%        6    #######
c - Haste                 Chrm           #.......     100%        6    #######


Dungeon Overview and Level Annotations

Branches:
Dungeon (11/15)            Temple (1/1) D:5            Lair (8/8) D:11
 Shoals (0/4) Lair:5        Snake (0/4) Lair:4        Slime (0/6) Lair:6
    Orc (2/2) D:11            Elf (0/3) Orc:2

Altars:
Ashenzari
Cheibriados
Dithmenos
Elyvilon
Fedhas
Gozag
Kikubaaqudgha
Makhleb
Nemelex Xobeh
Okawaru
Pakellas
Qazlal
Ru
Sif Muna
Trog
Vehumet
Xom
Yredelemnul
Zin
The Shining One
Beogh
Jiyva

Shops:
D:8 }   Orc:1 *   Orc:2 (

Annotations:
D:9 ThereIsNoGod's ghost, novice MiGl


Innate Abilities, Weirdness & Mutations

You reflexively headbutt those who attack you in melee.
You have a pair of horns on your head.
You have very sharp teeth.
You have large cloven feet.
Scrolls take you a little longer to read.
You are covered in fur (AC +1).
Your muscles are strong. (Str +2)


Message History

Drink which item? (? for menu, Esc to quit)
Your magical effects are unravelling.
You feel magically purged.
You feel yourself speed up.
The orc high priest completely misses you.
The orc knight hits you with a dire flail!
* * * LOW HITPOINT WARNING * * *
The rust devil closely misses you. You furiously retaliate!
You headbutt the rust devil. The rust devil completely misses you.
You furiously retaliate!
You headbutt the rust devil. The orc high priest misses you.
The orc warrior hits you with a battleaxe!
* * * LOW HITPOINT WARNING * * *
The orc high priest utters an invocation to Beogh.
The rust devil hits you. The rust devil corrodes you!
Drink which item? (? for menu, Esc to quit)
You feel yourself speed up.
The ufetubus shouts!
The orc knight hits you with a dire flail!
You die...

#....)(.....
##..)#)#....
#...)###...
###.)).####.
##......# ##.
###.......#
#..
####.........#
##.
#.#..........#
##
#@o..4.#######
#.o44o.###
#...##o.o##
#.## #443##
##5o5#
#5)o4.÷..÷.
##5÷5÷..§..
##.45÷...÷
#...÷....


You could see an orc knight, 2 orc high priests, 2 orange demons, an ice devil,
3 rust devils, a sixfirhy, a ynoxinul, 2 orc sorcerers, an orc warrior, an orc
priest and 6 ufetubi.

Vanquished Creatures
  2 ettins
  A fire dragon (Lair:8)
  An ice dragon (Lair:8)
  7 hydras
  The ghost of Inkary the Fighter, a novice MiFi of Okawaru (D:8)
  4 death yaks
  A queen ant (D:10)
  An orc high priest (Orc:2)
  A fire crab (Lair:5)
  Nergalle (Orc:1)
  2 hill giants
  3 orc knights (Orc:2)
  2 lindwurms (Lair:8)
  2 orc sorcerers (Orc:2)
  A mana viper (Lair:4)
  5 griffons
  An ugly thing (D:11)
  7 elephants
  2 molten gargoyles (Volcano)
  12 black mambas
  Maurice (D:11)
  A toenail golem (Volcano)
  5 torpor snails (Lair:8)
  15 spiny frogs
  2 rime drakes
  An efreet (Volcano)
  19 komodo dragons
  2 trolls
  2 red devils (Volcano)
  A queen bee (Lair:1)
  5 polar bears (D:10)
  A two-headed ogre (Orc:1)
  3 giant leeches (Lair:8)
  17 blink frogs
  A boulder beetle (Lair:7)
  Sigmund (D:4)
  A spriggan (D:7)
  3 wyverns
  A hog (D:10)
  14 hippogriffs
  A hungry ghost (D:10)
  3 steam dragons
  33 yaks
  2 basilisks
  A warg (Orc:1)
  5 mottled dragons
  9 soldier ants (D:10)
  22 water moccasins
  A swamp worm (Lair:1)
  A hell hound (Volcano)
  10 porcupines
  2 swamp drakes (Lair:8)
  24 orc warriors
  An ice beast (D:5)
  2 sky beasts
  7 black bears (D:10)
  4 wasps
  A phantom (D:10)
  An eye of draining (D:8)
  8 ogres
  17 wolves
  5 centaurs
  19 crocodiles
  2 big kobolds
  25 giant frogs
  6 scorpions
  A wyvern skeleton (D:9)
  32 killer bees
  7 wights
  A howler monkey (D:5)
  An electric eel (Lair:3)
  5 crimson imps
  3 centaur zombies
  2 giant frog zombies (D:6)
  4 lava snakes (Volcano)
  2 jellies
  20 orc priests
  7 hounds
  6 two-headed ogre zombies (D:9)
  2 centaur skeletons (D:10)
  A giant frog skeleton (D:10)
  14 iguanas
  21 orc wizards
  28 worker ants
  35 sheep
  A hound zombie (D:7)
  A hound skeleton (D:4)
  Robin (D:4)
  A howler monkey zombie (D:5)
  14 adders
  31 river rats
  A shadow imp (D:8)
  2 oozes
  An adder zombie (D:9)
  22 worms
  A dart slug (D:1)
  6 giant geckos
  71 orcs
  4 ball pythons
  10 bats
  2 giant cockroaches
  9 hobgoblins
  7 jackals
  15 kobolds
  4 quokkas
  3 giant newts
  16 goblins
  4 rats
  2 plants (Lair:8)
786 creatures vanquished.

Vanquished Creatures (others)
  6 fungi
  26 plants
32 creatures vanquished.

Grand Total: 818 creatures vanquished

Notes
Turn   | Place    | Note
--------------------------------------------------------------
     0 | D:1      | Inkary the Minotaur Gladiator began the quest for the Orb.
     0 | D:1      | Reached XP level 1. HP: 18/18 MP: 0/0
    66 | D:1      | Reached skill level 1 in Armour
   150 | D:1      | Reached XP level 2. HP: 22/25 MP: 1/1
   547 | D:2      | Found an opulent altar of Gozag.
   604 | D:2      | Reached XP level 3. HP: 24/30 MP: 2/2
   786 | D:2      | Reached skill level 2 in Armour
  1101 | D:2      | Found a burning altar of Makhleb.
  1170 | D:3      | Reached XP level 4. HP: 12/38 MP: 3/3
  1571 | D:3      | Found a radiant altar of Vehumet.
  1628 | D:3      | Reached skill level 3 in Armour
  1840 | D:4      | Noticed Sigmund
  1851 | D:4      | Reached XP level 5. HP: 29/46 MP: 4/4
  1860 | D:4      | Killed Sigmund
  1860 | D:4      | Reached skill level 4 in Armour
  1860 | D:4      | Reached skill level 5 in Dodging
  1860 | D:4      | Reached XP level 6. HP: 36/55 MP: 5/5
  1943 | D:4      | Found a deep blue altar of Sif Muna.
  1943 | D:4      | Found a bloodstained altar of Trog.
  1945 | D:4      | Found a shadowy altar of Dithmenos.
  1945 | D:4      | Found an ancient bone altar of Kikubaaqudgha.
  1945 | D:4      | Found a white marble altar of Elyvilon.
  1950 | D:4      | Reached skill level 5 in Fighting
  2003 | D:4      | Found a snail-covered altar of Cheibriados.
  2026 | D:4      | Noticed a sky beast
  2033 | D:4      | Killed a sky beast
  2033 | D:4      | Reached skill level 5 in Armour
  2033 | D:4      | Reached XP level 7. HP: 46/61 MP: 6/6
  2062 | D:4      | Noticed Robin
  2086 | D:4      | Killed Robin
  2572 | D:5      | Entered Level 5 of the Dungeon
  2755 | D:5      | Reached skill level 6 in Armour
  3115 | D:5      | Reached XP level 8. HP: 71/71 MP: 7/7
  3174 | D:5      | Found a staircase to the Ecumenical Temple.
  3310 | Temple   | Entered the Ecumenical Temple
  3347 | Temple   | Became a worshipper of Warmaster Okawaru
  3533 | D:6      | Reached skill level 7 in Armour
  3843 | D:6      | Found a sparkling altar of Nemelex Xobeh.
  4303 | D:7      | Reached * piety under Okawaru
  4303 | D:7      | Reached skill level 1 in Polearms
  4520 | D:7      | Found a deep blue altar of Sif Muna.
  4555 | D:7      | Reached XP level 9. HP: 46/81 MP: 8/8
  4809 | D:7      | Reached ** piety under Okawaru
  4809 | D:7      | Reached skill level 8 in Armour
  5558 | D:8      | Found a shimmering altar of Xom.
  5794 | D:8      | Reached skill level 5 in Polearms
  5832 | D:8      | Reached *** piety under Okawaru
  5836 | D:8      | Reached skill level 9 in Armour
  5899 | D:8      | Noticed Inkary's ghost (novice MiFi)
  5924 | D:8      | Killed Inkary's ghost
  5924 | D:8      | Reached XP level 10. HP: 59/92 MP: 7/9
  6268 | D:8      | Found Johoucy's Gadget Boutique.
  6300 | D:8      | Reached skill level 10 in Fighting
  6819 | D:9      | Noticed ThereIsNoGod's ghost (novice MiGl)
  7351 | D:9      | Found a basalt altar of Yredelemnul.
  7412 | D:9      | Reached **** piety under Okawaru
  7412 | D:9      | Reached skill level 1 in Maces & Flails
  7420 | D:9      | Found a glowing silver altar of Zin.
  7641 | D:9      | Reached skill level 10 in Armour
  7959 | D:10     | Entered Level 10 of the Dungeon
  7959 | D:10     | Noticed a hill giant
  7968 | D:10     | Killed a hill giant
  7968 | D:10     | Reached skill level 1 in Invocations
  8013 | D:10     | Found a huge runed gate.
  8013 | D:10     | Noticed a griffon
  8014 | D:10     | Found a huge runed gate.
  8014 | D:10     | Noticed a griffon
  8015 | D:10     | Found a huge runed gate.
  8015 | D:10     | Noticed a griffon
  8016 | D:10     | Found a huge runed gate.
  8038 | D:10     | Reached skill level 10 in Dodging
  8058 | D:10     | Received a gift from Okawaru
  8156 | D:10     | Noticed a queen ant
  8186 | D:10     | HP: 1/94 [orc priest/divine providence (10)]
  8191 | D:10     | Killed a queen ant
  8287 | D:10     | Reached XP level 11. HP: 33/101 MP: 12/12
  8555 | D:10     | Reached ***** piety under Okawaru
  9104 | D:10     | Received a gift from Okawaru
  9454 | D:10     | Killed a griffon
  9463 | D:10     | Reached skill level 5 in Invocations
  9478 | D:10     | Killed a griffon
  9499 | D:10     | Killed a griffon
  9499 | D:10     | Reached skill level 10 in Polearms
  9829 | D:11     | Noticed a green ugly thing
  9838 | D:11     | Killed a green ugly thing
  9839 | D:11     | Gained mutation: Your muscles are strong. (Str +2) [potion of beneficial mutation]
  9906 | D:11     | Found a burning altar of Makhleb.
 10264 | D:11     | Found a staircase to the Orcish Mines.
 10280 | D:11     | Found a roughly hewn altar of Beogh.
 10334 | D:11     | Noticed a hill giant
 10343 | D:11     | Killed a hill giant
 10420 | D:11     | Noticed an eight-headed hydra
 10428 | D:11     | Killed an eight-headed hydra
 10428 | D:11     | Reached XP level 12. HP: 86/107 MP: 7/16
 10429 | D:11     | Found a staircase to the Lair.
 10439 | D:11     | Noticed Maurice
 10460 | D:11     | Killed Maurice
 10657 | Lair:1   | Entered Level 1 of the Lair of Beasts
 10871 | Lair:1   | Noticed a five-headed hydra
 10880 | Lair:1   | Killed a five-headed hydra
 10880 | Lair:1   | Received a gift from Okawaru
 11212 | Lair:1   | Reached ****** piety under Okawaru
 11244 | Lair:1   | Received a gift from Okawaru
 11762 | Lair:2   | Found a labyrinth entrance.
 11928 | Lair:2   | Reached skill level 5 in Staves
 12837 | Lair:3   | Noticed a six-headed hydra
 12869 | Lair:3   | Killed a ten-headed hydra
 12869 | Lair:3   | Reached XP level 13. HP: 30/115 MP: 9/17
 12872 | Lair:3   | Received a gift from Okawaru
 14302 | Lair:4   | Found a staircase to the Snake Pit.
 14669 | Lair:4   | Received a gift from Okawaru
 14680 | Lair:4   | Got a pair of dazzling boots {god gift}
 14691 | Lair:4   | Identified the +0 pair of boots of Boredom {rN++ Str-2 Dex+4 Slay+5} (Okawaru gifted it to you on level 4 of the Lair of Beasts)
 15087 | Lair:4   | Reached skill level 10 in Staves
 15617 | Lair:5   | Found a dark tunnel.
 15635 | Volcano  | Entered a volcano
 15778 | Volcano  | Found a bloodstained altar of Trog.
 16479 | Lair:5   | Received a gift from Okawaru
 16514 | Lair:5   | Got a polished leather armour
 16525 | Lair:5   | Identified the cursed +0 leather armour of the Sturgeon {rN+ rCorr} (You found it on level 5 of the Lair of Beasts)
 16549 | Lair:5   | Found a staircase to the Shoals.
 16563 | Lair:5   | Reached XP level 14. HP: 83/127 MP: 15/18
 17055 | Lair:6   | Received a gift from Okawaru
 17112 | Lair:6   | Learned a level 1 spell: Summon Butterflies
 17119 | Lair:6   | Learned a level 6 spell: Statue Form
 17126 | Lair:6   | Learned a level 6 spell: Haste
 17444 | Lair:6   | Found a viscous altar of Jiyva.
 17444 | Lair:6   | Found a staircase to the Slime Pits.
 17787 | Lair:6   | Gained mutation: You are covered in fur (AC +1). [potion of mutation]
 17787 | Lair:6   | Gained mutation: You have large cloven feet. [potion of mutation]
 17787 | Lair:6   | Gained mutation: Scrolls take you a little longer to read. [potion of mutation]
 17788 | Lair:6   | Gained mutation: You have very sharp teeth. [potion of mutation]
 17970 | Lair:7   | Reached skill level 11 in Armour
 18486 | Lair:8   | Entered Level 8 of the Lair of Beasts
 18509 | Lair:7   | Reached skill level 12 in Armour
 18763 | Lair:8   | Reached skill level 13 in Armour
 19030 | Lair:8   | Found a runed door.
 19394 | Lair:8   | Reached skill level 14 in Armour
 19415 | Lair:8   | Received a gift from Okawaru
 19879 | Orc:1    | Entered Level 1 of the Orcish Mines
 20069 | Orc:1    | Noticed Nergalle
 20080 | Orc:1    | Killed Nergalle
 20322 | Orc:1    | Found Losiud's Assorted Antiques.
 20330 | Orc:1    | Bought a scroll of enchant weapon for 270 gold pieces
 20330 | Orc:1    | Bought a scroll of enchant weapon for 270 gold pieces
 20330 | Orc:1    | Bought a potion of haste for 360 gold pieces
 20330 | Orc:1    | Bought a scroll of recharging for 342 gold pieces
 20454 | Orc:2    | Entered Level 2 of the Orcish Mines
 20464 | Orc:2    | Reached skill level 15 in Armour
 20508 | Orc:2    | Found a staircase to the Elven Halls.
 20632 | Orc:2    | Found Kerhyut's Antique Weapon Boutique.
 20652 | Orc:2    | Bought a brightly glowing flail for 280 gold pieces
 20652 | Orc:2    | Identified the +0 flail "Nufut" {crush, *Rage MP+9 Str+6 Dex+3} (You bought it in a shop on level 2 of the Orcish Mines)
 20742 | Orc:2    | Reached XP level 15. HP: 121/134 MP: 19/19
 20824 | Orc:2    | Slain by an orc knight

Skill      XL: |  1  2  3  4  5  6  7  8  9 10 11 12 13 14 15 |
---------------+----------------------------------------------+-----
Armour         | 1 2 3 4 5 6 7 9 10 15 | 15.1
Fighting       | 3 4 5 6 8 9 10 12 | 12.5
Dodging        | 4 5 6 7 9 10 12 13 14 | 14.7
Polearms       | 2 5 8 11 12 | 12.6
Maces & Flails | 1 2 4 |  4.7
Invocations    | 3 6 7 |  7.1
Staves         | 6 11 | 11.9
Throwing       | |  2.0

Action                   |  1- 3 |  4- 6 |  7- 9 | 10-12 | 13-15 || total
-------------------------+-------+-------+-------+-------+-------++-------
Melee: Spear             |    67 |    65 |   340 |   899 |       ||  1371
       Quarterstaff      |     6 |       |       |       |       ||     6
       Headbutt          |     6 |    15 |    72 |   309 |   278 ||   680
       Punch             |       |       |     3 |    10 |       ||    13
       Dire flail        |       |       |       |    56 |       ||    56
       Lajatang          |       |       |       |   103 |   757 ||   860
       Bite              |       |       |       |       |    77 ||    77
       Trident           |       |       |       |       |    28 ||    28
       Flail             |       |       |       |       |    46 ||    46
Throw: Throwing net      |       |       |       |     1 |       ||     1
Invok: Heroism           |       |       |     5 |    17 |    20 ||    42
       Finesse           |       |       |       |     5 |    12 ||    17
Evoke: Wand              |       |       |       |     8 |     4 ||    12
  Use: Potion            |       |     2 |     2 |     7 |     4 ||    15
       Scroll            |       |       |     8 |     6 |    22 ||    36
 Stab: Sleeping          |       |     1 |       |     1 |     2 ||     4
       Distracted        |       |       |     1 |       |       ||     1
       Held in net/web   |       |       |       |     1 |       ||     1
  Eat: Chunk             |     1 |     1 |    12 |    22 |    23 ||    59
       Royal jelly       |       |       |     1 |       |       ||     1
       Pizza             |       |       |       |     1 |       ||     1
       Beef jerky        |       |       |       |     1 |     4 ||     5
       Fruit             |       |       |       |       |     1 ||     1
Armor: Leather armour    |     6 |     6 |    13 |       |     6 ||    31
       Ring mail         |       |       |    38 |   119 |    36 ||   193
       Chain mail        |       |       |       |       |     6 ||     6
       Plate armour      |       |       |       |       |   169 ||   169
Dodge: Dodged            |    31 |    34 |   184 |   549 |   729 ||  1527
